Match 41131040
Unlisted

Match 41131040
End
Kradschützen Motorcycle Team
Panzergrenadier Squad
Panzergrenadier Squad
Panzergrenadier Squad
Construct Light Support Kompanie
Fire Support Elements
Flakvierling Half-track
Assault Mechanized Group
Pak 38 Anti-tank Gun Team
Selects Battlefield Espionage Battlegroup
Selects 250/3 Funkpanzerwagen
Selects Anti-Tank Incendiary Munitions
Vehicle Survival Package
Selects Intel Disruption Beacon
Selects Plunder
Construct Panzerarmee Kommand
Pak 38 Mechanized Group
Armored Reserves
Selects Disruption Operation
Tiger Heavy Tank
2.5-tonne Medical Truck
Disruption Operation
nub
FutureNP
ShoulderGuy
Pinhead Larry
0
0

Comments sign in to comment!

No comments posted yet!